 Dungeon Crawl Stone Soup version 0.13-a0-2527-g93fcdc4 (webtiles) character file.

233 Bruce the Magician (level 4, -3/24 HPs)
             Began as a Deep Elf Fire Elementalist on July 25, 2013.
             Slain by a goblin (4 damage)
             ... on Level 6 of the Dungeon.
             The game lasted 00:04:47 (938 turns).

Bruce the Magician (Deep Elf Fire Elementalist)      Turns: 938, Time: 00:04:47

HP  -3/24        AC  2     Str  5      XL: 4   Next: 79%
MP   1/14        EV 13     Int 26      God:
Gold 110         SH  0     Dex 15      Spells:  3 memorised,  6 levels left

Res.Fire  : . . .   See Invis. : .   s - +1,+2 orc dagger (speed)
Res.Cold  : . . .   Warding    : .   a - +0 elf robe
Life Prot.: . . .   Conserve   : .   (no shield)
Res.Poison: .       Res.Corr.  : .   (no helmet)
Res.Elec. : .       Clarity    : .   (no cloak)
Sust.Abil.: . .     Spirit.Shd : .   (no gloves)
Res.Mut.  : .       Stasis     : .   (no boots)
Res.Rott. : .       Flight     : +   (no amulet)
Saprovore : . . .                    (no ring)
                                     (no ring)

@: brilliant, flying, slowed, very slow, slightly resistant to hostile
enchantments, stealthy
A: no striking features
a: no special abilities


You were on level 6 of the Dungeon.
You were not hungry.

You visited 1 branch of the dungeon, and saw 4 of its levels.

You collected 90 gold pieces.

Inventory:

Hand weapons
 g - a +0,+0 club
 q - a +2,+0 elven dagger (quivered)
 s - a +1,+2 orcish dagger of speed (weapon)
Armour
 a - a +0 elven robe (worn)
Comestibles
 c - 3 bread rations
 j - an apple
 k - a pear
 r - a chunk of adder flesh
 t - a meat ration
Scrolls
 d - a scroll of identify
 h - a scroll of fog
 m - a scroll of curse armour
Jewellery
 l - an uncursed amulet of stasis {unknown}
Potions
 f - a potion of flight
Books
 b - a book of Flames

   Spells                             Type                      Level
   *Flame Tongue                      Conjuration/Fire             1
   *Throw Flame                       Conjuration/Fire             2
   *Conjure Flame                     Conjuration/Fire             3
   Inner Flame                        Hexes/Fire                   3
   Sticky Flame                       Conjuration/Fire             4
   Fireball                           Conjuration/Fire             5


   Skills:
 - Level 2.4 Dodging
 - Level 2.4 Stealth
 * Level 4.5 Spellcasting
 + Level 2.5 Conjurations
 + Level 4.2 Fire Magic


You had 6 spell levels left.
You knew the following spells:

 Your Spells              Type           Power        Failure   Level  Hunger
a - Flame Tongue          Conj/Fire      #####        1%          1    None
b - Throw Flame           Conj/Fire      #####.       1%          2    None
c - Conjure Flame         Conj/Fire      #####...     1%          3    ##.....


Dungeon Overview and Level Annotations

Branches:
Dungeon (6/27)
 Temple: D:4-7          Orc: D:6-11

Altars:
Fedhas
the Shining One


Message History

Unknown command.
Drink which item? (? for menu, Esc to quit)
You feel yourself slow down.
It was a potion of slowing.
The goblin misses you. The goblin barely misses you.
Drink which item? (? for menu, Esc to quit)
You feel very buoyant.
You fly up into the air.
It was a potion of flight.
The goblin splashes around in the water.
The goblin misses you.
The goblin unwields an uncursed sling.
The goblin misses you. The goblin hits you.
* * * LOW HITPOINT WARNING * * *
The goblin closely misses you. The goblin barely misses you.
Drink which item? (? for menu, Esc to quit)
You feel more clever all of a sudden.
It was a potion of brilliance.
The goblin closely misses you. The goblin closely misses you.
The goblin barely misses you. The goblin hits you.
* * * LOW HITPOINT WARNING * * *
The goblin unwields an uncursed sling.
The goblin hits you.
You die...

#......#..........#
##..(.#########.......
#....# +....... #..(.#
#.......
#######')#################
≈≈≈≈≈≈...((≈≈≈≈≈≈≈≈
≈≈≈≈≈≈...)l≈≈≈≈≈≈≈≈
≈≈≈≈≈≈≈..ggg≈≈≈≈≈≈≈
≈≈≈≈.≈..g@≈≈≈≈≈..≈
........g.........
.................
...........(....
.....########## .... ...
#.. . #..# #..#


You could see a giant gecko and 5 goblins.

Vanquished Creatures
  An orc wizard (D:3)
  4 adders
  4 worms
  2 oozes
  2 ball pythons
  3 bats
  8 goblins
  5 hobgoblins
  A giant newt (D:2)
  3 kobolds
  A quokka (D:2)
  5 rats
39 creatures vanquished.

Notes
Turn   | Place    | Note
--------------------------------------------------------------
     0 | D:1      | Bruce, the Deep Elf Fire Elementalist, began the quest for the Orb.
     0 | D:1      | Reached XP level 1. HP: 10/10 MP: 4/4
    90 | D:1      | Reached XP level 2. HP: 9/15 MP: 1/7
   480 | D:2      | Noticed a jellyfish
   523 | D:2      | Reached XP level 3. HP: 19/19 MP: 1/10
   527 | D:2      | Learned a level 2 spell: Throw Flame
   531 | D:2      | Learned a level 3 spell: Conjure Flame
   674 | D:3      | Found a blossoming altar of Fedhas.
   722 | D:3      | Found a glowing golden altar of the Shining One.
   810 | D:3      | Reached skill level 4 in Fire Magic
   810 | D:3      | Reached XP level 4. HP: 11/24 MP: 2/13
   860 | D:3      | You fall through a shaft!
   938 | D:6      | HP: 1/24 [goblin (3)]
   938 | D:6      | Slain by a goblin

Action                   |  1- 3 |  4- 6 || total
-------------------------+-------+-------++-------
Melee: Club              |     3 |     1 ||     4
 Cast: Flame Tongue      |    54 |    13 ||    67
       Conjure Flame     |     2 |     1 ||     3
       Throw Flame       |       |     1 ||     1
  Use: Potion            |       |     8 ||     8
       Scroll            |       |     3 ||     3
